 Dungeon Crawl Stone Soup version 0.30.0-10-gfe55d96785 (webtiles) character file.

Game seed: 12366264763972068592

160711 browni3141 the Geomancer (level 17, -6/133 HPs)
             Began as a Barachi Earth Elementalist on May 13, 2023.
             Was the Champion of Cheibriados.
             Blown up by a lich (36 damage)
             ... with a wavering orb of destruction
             ... on level 3 of the Abyss.
             The game lasted 01:37:40 (29310 turns).

browni3141 the Geomancer (BaEE)                    Turns: 29310, Time: 01:37:41

Health: -6/133     AC:  9    Str: 32    XL:     17   Next: 47%
Magic:  17/30      EV: 29    Int: 30    God:    Cheibriados [******]
Gold:   333        SH: 15    Dex: 29    Spells: 21/35 levels left

rFire   + . .        A - +2 falchion (holy)
rCold   + + +        g - +0 kite shield
rNeg    . . .        v - +1 robe of Vines {NoPotionHeal Regen++++}
rPois   +            a - +0 helmet "Vung" {Regen+}
rElec   .            f - +1 cloak
rCorr   .            o - +1 pair of gloves of the Sun {rF+ Int+3}
SInv    .            t - +0 pair of boots
Will    +....        j - amulet of regeneration
Stlth   +++++        p - ring of Checkmate {rPois rC+++ Str+6 Int-5 Dex+2}
HPRegen 0.00/turn    E - +5 ring of evasion
MPRegen 0.22/turn

%: no passive effects
@: about to teleport, unable to hop, inhibited regen, slowed, studying 2 skills,
very slow
A: amphibious, slowness 1, strong legs 2, +LOS, [clumsy 1], [dopey 2],
[inhibited regeneration]
}: 1/15 runes: barnacled
a: Hop, Renounce Religion, Bend Time, Temporal Distortion, Slouch, Step From
Time


You were on level 3 of the Abyss.
You worshipped Cheibriados.
Cheibriados was exalted by your worship.
You visited 5 branches of the dungeon, and saw 23 of its levels.
You visited the Abyss 1 time.
You also visited: Bailey.

You collected 2799 gold pieces.
You spent 2466 gold pieces at shops.

Inventory:

Hand Weapons
 A - a +2 falchion of holy wrath (weapon)
 R - a +1 long sword
Missiles
 k - a curare-tipped dart
 Z - 3 throwing nets
Armour
 a - the +0 helmet "Vung" (worn) {Regen+}
   (You found it on level 11 of the Dungeon)

   Regen:     It increases your rate of health regeneration.
 f - a +1 cloak (worn)
 g - a +0 kite shield (worn)
 o - the +1 pair of gloves of the Sun (worn) {rF+ Int+3}
   (You bought it in a shop on level 3 of the Shoals)

   Int:       It affects your intelligence (+3).
   rF:        It protects you from fire.
 t - a +0 pair of boots (worn)
 v - the +1 robe of Vines (worn) {NoPotionHeal Regen++++}
   (You found it on level 2 of the Lair of Beasts)

   NoPotionHeal: Its wearer cannot be healed by potions.
   Regen:     It increases your rate of health regeneration.
Magical Staves
 X - a staff of earth
Jewellery
 j - an amulet of regeneration (around neck)
 p - the ring of Checkmate (left hand) {rPois rC+++ Str+6 Int-5 Dex+2}
   (You bought it in a shop on level 3 of the Shoals)

   [ring of strength]

   Str:       It affects your strength (+6).
   Int:       It affects your intelligence (-5).
   Dex:       It affects your dexterity (+2).
   rC:        It renders you almost immune to cold.
   rPois:     It protects you from poison.
 x - a ring of see invisible
 E - a +5 ring of evasion (right hand)
 T - a ring of protection from fire
Wands
 h - a wand of mindburst (6)
 I - a wand of iceblast (5)
 P - a wand of paralysis (21)
 V - a wand of flame (17)
Scrolls
 b - a scroll of fog
 e - a scroll of brand weapon
 n - 5 scrolls of magic mapping
 q - 6 scrolls of immolation
 u - 2 scrolls of vulnerability
 w - 5 scrolls of amnesia
 y - 5 scrolls of poison
 D - 4 scrolls of fear
 G - 2 scrolls of torment
 J - a scroll of blinking
 Q - 4 scrolls of enchant armour
 U - 8 scrolls of teleportation
 W - 2 scrolls of butterflies
 Y - 3 scrolls of silence
Potions
 c - 3 potions of cancellation
 d - a potion of attraction
 i - a potion of invisibility
 l - a potion of berserk rage {unknown}
 m - 2 potions of magic
 B - a potion of ambrosia
 C - 9 potions of curing
 F - 4 potions of flight
 H - 2 potions of heal wounds
 K - 3 potions of brilliance
 L - 4 potions of lignification
 M - 3 potions of might
 N - 2 potions of mutation {unknown}
 S - 2 potions of resistance
Miscellaneous
 r - a lightning rod (3/4)
 s - a phantom mirror (inert)
 z - a tin of tremorstones (1/2)
 O - a phial of floods


   Skills:
 - Level 12.0 Fighting
 - Level 12.0 Long Blades
 - Level 12.0 Dodging
 * Level 9.1 Stealth
 - Level 12.0 Shields
 * Level 9.8 Spellcasting
 * Level 7.8 Translocations
 - Level 4.0 Transmutations
 - Level 12.0 Earth Magic
 - Level 12.0 Invocations
 * Level 9.1 Evocations


You had 21 spell levels left.
You knew the following spells:

 Your Spells              Type           Power      Damage    Failure   Level
a - Sandblast             Erth           100%       2d20      1%          1
b - Stone Arrow           Conj/Erth      100%       3d13      1%          3
c - Petrify               Tmut/Erth      58%        N/A       1%          4
l - Lesser Beckoning      Tloc           100%       N/A       1%          2
B - Blink                 Tloc           100%       N/A       1%          2
P - Passwall              Tmut/Erth      48%        N/A       1%          2

Your spell library contained the following spells:

 Spells                   Type           Power      Damage    Failure   Level
 Momentum Strike          Conj/Tloc      76%        3d10      1%          2
 Shock                    Conj/Air       56%        1d6       5%          1
 Searing Ray              Conj           28%        2d5       8%          2
 Static Discharge         Conj/Air       28%        2-4/arc   8%          2
 Dazzling Flash           Conj/Hex       28%        N/A       16%         3
 Frozen Ramparts          Ice            28%        1d5       16%         3
 Inner Flame              Hex/Fire       14%        N/A       16%         3
 Ozocubu's Armour         Ice            14%        N/A       16%         3
 Summon Guardian Golem    Hex/Summ       14%        N/A       16%         3
 Airstrike                Air            7%         2d(1-17)  45%         4
 Flame Wave               Conj/Fire      14%        2d6       45%         4
 Sticky Flame             Conj/Fire      14%        2d4       45%         4
 Summon Lightning Spire   Summ/Air       14%        N/A       45%         4
 Yara's Violent Unravell  Hex/Tmut       13%        3d7       54%         5
 Agony                    Necr           14%        N/A       82%         5
 Freezing Cloud           Conj/Ice/Air   7%         6-21      82%         5
 Silence                  Hex/Air        7%         N/A       82%         5
 Conjure Ball Lightning   Conj/Air       7%         3x3d6     100%        6
 Simulacrum               Ice/Necr       7%         N/A       100%        6
 Enfeeble                 Hex            7%         N/A       100%        7
 Orb of Destruction       Conj           7%         9d6       100%        7
 Spellforged Servitor     Conj/Summ      7%         N/A       100%        7
 Summon Hydra             Summ           7%         N/A       100%        7


Dungeon Overview and Level Annotations

Branches:
Dungeon (11/15)            Temple (1/1) D:5            Lair (5/5) D:9
 Shoals (4/4) Lair:2       Spider (0/4) Lair:2        Slime (0/5) Lair:5
    Orc (2/2) D:10            Elf (0/3) Orc:2        Bailey (visited)

Altars:
Ashenzari
Cheibriados
Dithmenos
Elyvilon
Fedhas
Gozag
Hepliaklqana
Kikubaaqudgha
Makhleb
Nemelex Xobeh
Okawaru
Qazlal
Ru
Sif Muna
Trog
Uskayaw
Vehumet
Wu Jian
Xom
Yredelemnul
Zin
The Shining One
Lugonu

Shops:
D:3 ?   D:7 [!   D:8 (   Orc:2 ([(=   Shoals:3 [=

Portals:
Abyss: Lair:4 Lair:5

Annotations:
D:2 1 runed translucent door, Crazy Yiuf
Lair:2 2 transporters, exclusion: oklob plant, Edyrem's ghost, journeyman MiFi
Lair:4 2 transporters, Aricsoirch's ghost, journeyman GrFi
Shoals:1 Louise
Shoals:2 Ilsuiw


Innate Abilities, Weirdness & Mutations

You are amphibious.
You cover ground slowly.
You can hop long distances.
You have an extended range of vision and can be seen from far away.
[You are clumsy. (Dex -2)]
[You are very dopey. (Int -4)]
[You do not regenerate when monsters are visible.]


Message History

Your bone dragon bites the bone dragon but does no damage.
Your bone dragon claws the bone dragon.
Your bone dragon tramples the bone dragon but does no damage.
You hit the bone dragon.
The bone dragon convulses.
The bone dragon is lightly damaged.
The bone dragon completely misses you. The bone dragon claws you!
The bone dragon tramples you!
You hold your ground!
Your bone dragon bites the bone dragon but does no damage.
Your bone dragon claws the bone dragon.
Your bone dragon tramples the bone dragon.
The bone dragon holds its ground!
You hit the bone dragon.
The bone dragon convulses.
The bone dragon is lightly damaged.
You hit the bone dragon.
The bone dragon convulses!
The bone dragon is lightly damaged.
You block the bone dragon's attack. x2
The bone dragon tramples you but does no damage.
Your bone dragon bites the bone dragon but does no damage.
Your bone dragon claws the bone dragon but does no damage.
Your bone dragon tramples the bone dragon.
The bone dragon holds its ground!
You hit the bone dragon.
The bone dragon convulses.
The bone dragon is moderately damaged.
The bone dragon bites you but does no damage.
The bone dragon completely misses you. The bone dragon tramples you!
You hold your ground!
Your bone dragon bites the bone dragon but does no damage.
Your bone dragon claws the bone dragon but does no damage.
Your bone dragon tramples the bone dragon but does no damage.
You hit the bone dragon.
The bone dragon convulses.
The bone dragon is moderately damaged.
The bone dragon bites you! The bone dragon barely misses you. x2
Your bone dragon bites the bone dragon but does no damage.
Your bone dragon claws the bone dragon but does no damage.
Your bone dragon tramples the bone dragon but does no damage.
You hit the bone dragon but do no damage.
The bone dragon is moderately damaged.
Your bone dragon shimmers and vanishes!
You slash the bone dragon!
The bone dragon convulses.
The bone dragon is moderately damaged.
The bone dragon bites you!
* * * LOW HITPOINT WARNING * * *
The bone dragon misses you. You block the bone dragon's attack.
The cherub shoots a sling bullet.
You block the sling bullet.
Unknown command.
Okay, then.
Unknown command.
You step out of the flow of time.
You return to the normal time flow.
An orange demon comes into view.
Unknown command.
You block the bone dragon's attack. The bone dragon barely misses you.
The bone dragon tramples you!
* * * LOW HITPOINT WARNING * * *
You hold your ground!
You block the bone dragon's attack. The bone dragon completely misses you.
The bone dragon tramples you.
* * * LOW HITPOINT WARNING * * *
You hold your ground!
You hear a screech!
Unknown command.
Blink to where?
Press: ? - help, Dir - move target, p - bone dragon A lich comes into view.
As you read the scroll of blinking, it crumbles to dust.
The lich closely misses you. The lich attacks as you move away!
You block the lich's attack. The lich completely misses you.
The lich points at you and mumbles some strange words.
You feel yourself slow down.
The lich touches you but does no damage.
The lich touches you.
* * * LOW HITPOINT WARNING * * *
As you read the scroll of teleportation, it crumbles to dust.
You feel strangely unstable.
You feel the power of the Abyss delaying your translocation!
You block the lich's attack. The lich closely misses you.
The flow of time bends around you.
Cheibriados rebukes the lich.
The lich seems to slow down.
You hit the lich but do no damage.
The lich gestures wildly while chanting.
The lich flickers and vanishes!
Deactivating autopickup; reactivate with Ctrl-A.
Something touches you but does no damage.
Something touches you.
* * * LOW HITPOINT WARNING * * *
Something touches you but does no damage.
Something touches you!
* * * LOW HITPOINT WARNING * * *
The orange demon closely misses you.
You hear some strange, mumbled words.
Something touches you.
* * * LOW HITPOINT WARNING * * *
You block the orange demon's attack.
Something conjures a glowing orb.
The wavering orb of destruction weakly hits you!!
* * * LOW HITPOINT WARNING * * *
The orange demon stings you but does no damage.
Something conjures a glowing orb.
The wavering orb of destruction weakly hits you!!!
You die...

.# #. ##..
..# ## . #.#.
#.. # # ...
#.§# ... ..
..#.# # # #..
# ###..#. ##
# ..
∩....###.##..
#..##
#..##.{.# #.
...
#.....#@#...#
#..#.4.#.#
#..###.#.# #
##⌠.. #.#.#.#
#8 .#..#..#.
# ⌠.. # #..
##...# 4.##
#. .# ... #
##...##.#..#


You could see an orange demon.

Vanquished Creatures
  Polyphemus (Shoals:2)
  A kraken (Shoals:4)
  2 tentacled starspawn (Abyss:3)
  Josephine (D:11)
  10 merfolk impalers
  2 merfolk javelineers (Shoals:4)
  6 hydras
  5 alligator snapping turtles
  10 merfolk avatars
  A two-headed ogre (D:10)
  2 catoblepae
  5 merfolk aquamancers
  A satyr (Shoals:4)
  2 boulder beetles
  A dancing weapon (Abyss:3)
  2 centaur warriors
  4 thrashing horrors
  13 death yaks
  An orc high priest (Orc:1)
  2 skysharks (Shoals:2)
  Nergalle (D:11)
  A wretched star (Abyss:3)
  A sixfirhy (Abyss:3)
  13 sea snakes
  A lindwurm (Lair:4)
  16 harpies
  A wolf spider (shapeshifter) (Lair:5)
  4 cyclopes
  8 manticores
  A wolf spider (Lair:2)
  5 orc sorcerers
  19 fauns
  3 ugly things (Lair:5)
  4 black mambas
  24 elephants
  5 water nymphs
  11 merfolk sirens
  5 cane toads
  7 large abominations
  An unseen horror (Abyss:3)
  2 komodo dragons
  7 kobold demonologists
  5 rime drakes
  An ancient zyme (Lair:5)
  2 trolls
  32 merfolk
  2 polar bears
  A meliai (shapeshifter) (Lair:5)
  8 wind drakes
  A raiju (Abyss:3)
  12 snapping turtles
  A dream sheep (shapeshifter) (Lair:5)
  29 blink frogs
  18 dream sheep
  Sigmund (D:3)
  8 wraiths
  A jumping spider (Lair:2)
  9 water elementals
  2 spriggans (Lair:5)
  2 shadows
  A spriggan (shapeshifter) (Abyss:3)
  2 wyverns
  18 yaks
  A culicivora (Lair:2)
  A ynoxinul (Lair:5)
  4 fire bats (Lair:4)
  4 vampire mosquitoes (D:11)
  4 basilisks (Lair:5)
  3 steam dragons
  A redback (Lair:2)
  4 chaos spawn (Lair:5)
  A two-headed ogre zombie (D:10)
  7 wargs
  17 water moccasins
  30 orc warriors
  2 sky beasts (D:7)
  A black bear (D:5)
  6 ogres
  5 wolves (Lair:1)
  14 centaurs
  3 phantoms
  5 bullfrogs
  7 kobold brigands
  3 scorpions
  A gnoll sergeant (D:10)
  14 wights
  A troll zombie (D:10)
  9 killer bees (D:9)
  An electric eel (Lair:3)
  2 howler monkeys
  A lava snake (Lair:4)
  2 hounds
  20 orc priests
  6 jellies
  Ijyb (D:4)
  4 iguanas
  11 starcursed masses (Abyss:3)
  Natasha (thrice) (D:3)
  A sleepcap (D:5)
  32 orc wizards
  18 hell rats
  13 small abominations
  6 ogre zombies (D:10)
  14 gnolls
  10 adders
  2 shadow imps
  2 white imps
  An ufetubus (D:7)
  A worm (D:3)
  4 dart slugs
  104 orcs
  3 ball pythons
  5 bats
  8 endoplasms
  A giant cockroach (D:4)
  9 goblins
  5 hobgoblins
  3 jackals (D:3)
  21 kobolds
  2 quokkas (D:2)
  3 frilled lizards
  3 goblin zombies (D:10)
  4 hobgoblin skeletons (D:10)
  3 hobgoblin zombies (D:10)
  4 orc skeletons (D:10)
  11 orc zombies (D:10)
  8 rats
  A spectral weapon (Shoals:3)
  4 tentacles (Shoals:4)
873 creatures vanquished.

Vanquished Creatures (others)
  An orc wizard (Orc:2)
  9 starspawn tentacles (Abyss:3)
  12 tentacles (Shoals:4)
22 creatures vanquished.

Grand Total: 895 creatures vanquished

Notes
Turn   | Place    | Note
-------+----------+-------------------------------------------
     0 | D:1      | browni3141 the Barachi Earth Elementalist began the quest
                  | for the Orb.
     0 | D:1      | Reached XP level 1. HP: 13/13 MP: 3/3
   114 | D:1      | Reached XP level 2. HP: 19/22 MP: 0/5
   421 | D:1      | Found a faded altar of an unknown god.
   531 | D:2      | Reached XP level 3. HP: 27/27 MP: 4/6
   813 | D:2      | Reached XP level 4. HP: 33/33 MP: 5/7
  1130 | D:2      | Found a runed translucent door.
  1133 | D:2      | Noticed Crazy Yiuf
  1417 | D:3      | Reached XP level 5. HP: 38/38 MP: 4/8
  1516 | D:3      | Found a hide-covered altar of Uskayaw.
  1707 | D:3      | Found Kyepsum's Magic Scroll Shop.
  1726 | D:3      | Bought a scroll of identify for 28 gold pieces
  1726 | D:3      | Bought a scroll of identify for 28 gold pieces
  1798 | D:3      | Noticed Sigmund
  1986 | D:3      | Noticed Natasha
  1990 | D:3      | Killed Natasha
  1991 | D:3      | Reached skill level 6 in Earth Magic
  1995 | D:3      | Learned a level 3 spell: Stone Arrow
  2000 | D:3      | Learned a level 4 spell: Petrify
  2085 | D:3      | Killed Sigmund
  2086 | D:3      | Reached skill level 3 in Spellcasting
  2086 | D:3      | Reached XP level 6. HP: 35/44 MP: 5/10
  2217 | D:3      | Found an iron altar of Okawaru.
  2414 | D:3      | Noticed Natasha
  2419 | D:3      | Killed Natasha
  2500 | D:3      | Found Kyepsum's Magic Scroll Shop.
  2513 | D:3      | Noticed Natasha
  2516 | D:3      | Killed Natasha
  2517 | D:3      | Reached XP level 7. HP: 41/50 MP: 8/11
  2992 | D:4      | Noticed Ijyb
  3009 | D:4      | Killed Ijyb
  3427 | D:4      | Found a bloodstained altar of Trog.
  3727 | D:5      | Entered Level 5 of the Dungeon
  4156 | D:5      | Found a white marble altar of Elyvilon.
  4222 | D:5      | Reached XP level 8. HP: 49/56 MP: 9/12
  4301 | D:5      | Reached skill level 9 in Earth Magic
  4475 | D:5      | Found a staircase to the Ecumenical Temple.
  4642 | Temple   | Entered the Ecumenical Temple
  5362 | D:6      | Found a snail-covered altar of Cheibriados.
  5524 | D:6      | Got the Directory of Snow
  5553 | D:6      | Found a shadowy altar of Dithmenos.
  5757 | D:6      | Became a worshipper of Cheibriados the Contemplative
  5814 | D:7      | Reached XP level 9. HP: 61/61 MP: 2/13
  6093 | D:7      | Learned a level 2 spell: Passwall
  6096 | D:7      | Learned a level 2 spell: Blink
  6242 | D:7      | Reached * piety under Cheibriados
  6274 | D:7      | Found Neimurodgh's Distillery.
  6297 | D:7      | Bought a potion of resistance for 140 gold pieces
  6297 | D:7      | Bought a potion of might for 56 gold pieces
  6323 | D:7      | Found Jadwits's Antique Armour Shop.
  6511 | D:7      | Reached skill level 3 in Transmutations
  6714 | D:8      | Noticed a kobold demonologist
  6714 | D:8      | Noticed a kobold demonologist
  6714 | D:8      | Noticed a kobold demonologist
  6735 | D:8      | Killed a kobold demonologist
  6736 | D:8      | Noticed a kobold demonologist
  6739 | D:8      | Killed a kobold demonologist
  6740 | D:8      | Reached skill level 12 in Earth Magic
  6741 | D:8      | Killed a kobold demonologist
  6742 | D:8      | Reached skill level 3 in Shields
  6742 | D:8      | Reached skill level 3 in Translocations
  6744 | D:8      | Killed a kobold demonologist
  6745 | D:8      | Reached XP level 10. HP: 65/67 MP: 4/17
  6895 | D:8      | Found Boxzy's Weapon Shoppe.
  7183 | D:8      | Reached ** piety under Cheibriados
  7252 | D:8      | Got the Reference Book on Beckoning and the Impact
  7539 | D:9      | Reached skill level 6 in Shields
  7651 | D:9      | Found a staircase to the Lair.
  7727 | D:9      | Reached *** piety under Cheibriados
  7728 | D:9      | Found a flagged portal.
  7733 | Bailey   | Entered a bailey
  8134 | Bailey   | Reached skill level 9 in Shields
  8308 | Bailey   | Reached **** piety under Cheibriados
  8678 | Bailey   | Reached XP level 11. HP: 57/72 MP: 11/18
  8804 | Bailey   | Reached skill level 3 in Dodging
  8867 | Bailey   | Reached skill level 3 in Fighting
  8990 | Bailey   | Identified the +0 bardiche of the Eggplant {elec, Str+3}
  9041 | Bailey   | Reached XP level 12. HP: 81/81 MP: 19/19
  9686 | D:10     | Entered Level 10 of the Dungeon
  9694 | D:10     | Noticed a two-headed ogre
  9705 | D:10     | Killed a two-headed ogre
  9859 | D:10     | Found a broken altar of Ashenzari.
  9896 | D:10     | Noticed a soul eater
  9907 | D:10     | HP: 2/81 [orc sorcerer/bolt of fire (19)]
  9907 | D:10     | Noticed a soul eater
  9908 | D:10     | Reached skill level 9 in Invocations
 10029 | D:10     | Found a staircase to the Orcish Mines.
 10562 | D:10     | Reached ***** piety under Cheibriados
 11162 | D:11     | Noticed Josephine
 11222 | D:11     | Noticed a boulder beetle
 11243 | D:11     | Killed a boulder beetle
 11336 | D:11     | Reached skill level 3 in Long Blades
 11436 | D:11     | Noticed Nergalle
 12284 | D:11     | Identified the +0 helmet "Vung" {Regen+}
 12627 | D:11     | Killed Nergalle
 12628 | D:11     | Reached skill level 6 in Fighting
 12628 | D:11     | Reached skill level 6 in Long Blades
 12784 | D:11     | Killed Josephine
 13017 | D:3      | Bought a scroll of fear for 56 gold pieces
 13017 | D:3      | Bought a scroll of fear for 56 gold pieces
 13195 | Lair:1   | Entered Level 1 of the Lair of Beasts
 13204 | Lair:1   | Noticed a death yak
 13204 | Lair:1   | Noticed a death yak
 13204 | Lair:1   | Noticed a death yak
 13271 | Orc:1    | Entered Level 1 of the Orcish Mines
 13722 | Orc:2    | Entered Level 2 of the Orcish Mines
 13722 | Orc:2    | Found a staircase to the Elven Halls.
 13728 | Orc:2    | Gained mutation: You can hop long distances. [Barachi
                  | growth]
 13728 | Orc:2    | Reached XP level 13. HP: 93/93 MP: 18/20
 13846 | Orc:2    | Reached ****** piety under Cheibriados
 13988 | Orc:1    | Reached skill level 9 in Long Blades
 14479 | Orc:2    | Paralysed by an orc sorcerer for 3 turns
 14704 | Orc:2    | Found Neimurodgh's Weapon Shoppe.
 14704 | Orc:2    | Found Xaihat's Jewellery Shoppe.
 14704 | Orc:2    | Found Liumoson's Antique Armour Emporium.
 14709 | Orc:2    | Found Jialoi's Weapon Emporium.
 14718 | Orc:2    | Bought a pair of embroidered gloves for 210 gold pieces
 14728 | Orc:2    | Bought a pair of boots for 126 gold pieces
 15634 | Lair:1   | Identified the +0 buckler of Perfidy {Str+3}
 16254 | Lair:1   | Reached skill level 12 in Long Blades
 17185 | Lair:2   | Found a transporter.
 17193 | Lair:2   | Found a transporter.
 17306 | Lair:2   | Noticed Edyrem's ghost (journeyman MiFi)
 17569 | Lair:2   | Found a staircase to the Shoals.
 17569 | Lair:2   | Found the +1 robe of Vines {NoPotionHeal Regen++++}
 17612 | Lair:2   | Found a hole to the Spider Nest.
 17999 | Lair:3   | Reached skill level 6 in Dodging
 18203 | Lair:3   | Reached XP level 14. HP: 106/106 MP: 4/21
 18225 | Lair:3   | Reached skill level 9 in Fighting
 19123 | Lair:4   | Noticed Aricsoirch's ghost (journeyman GrFi)
 19766 | Lair:4   | Found a transporter.
 19767 | Lair:4   | Found a one-way gate to the infinite horrors of the Abyss.
 19784 | Lair:4   | Found a transporter.
 19868 | Lair:5   | Entered Level 5 of the Lair of Beasts
 19955 | Lair:5   | Reached skill level 9 in Dodging
 20845 | Lair:5   | Reached skill level 12 in Fighting
 20883 | Lair:5   | Found a staircase to the Slime Pits.
 21305 | Lair:5   | Reached XP level 15. HP: 114/120 MP: 22/22
 21449 | Lair:5   | Reached skill level 12 in Dodging
 21604 | Lair:5   | Reached skill level 3 in Stealth
 22047 | Lair:5   | Found a corrupted altar of Lugonu.
 22707 | Shoals:1 | Entered Level 1 of the Shoals
 22984 | Shoals:3 | Found Sala's Jewellery Boutique.
 23235 | Shoals:2 | Reached skill level 3 in Evocations
 23287 | Shoals:3 | Identified a scroll of acquirement
 23310 | Shoals:3 | Bought the ring of Checkmate {rPois rC+++ Str+6 Int-5
                  | Dex+2} for 1290 gold pieces
 23418 | Shoals:3 | Acquired a staff of earth
 23472 | Shoals:3 | Reached skill level 6 in Spellcasting
 23512 | Shoals:3 | Reached skill level 12 in Shields
 23734 | Shoals:3 | Identified the +7 falchion "Hoblosul" {venom, Int+3 Stlth+}
 23877 | Shoals:3 | Found Meomex's Armour Boutique.
 24006 | Shoals:3 | Reached XP level 16. HP: 127/127 MP: 14/26
 24069 | Shoals:3 | Bought the +1 pair of gloves of the Sun {rF+ Int+3} for 476
                  | gold pieces
 24355 | Shoals:4 | Entered Level 4 of the Shoals
 24392 | Shoals:3 | Reached skill level 6 in Stealth
 25112 | Shoals:4 | Reached skill level 6 in Evocations
 25358 | Shoals:4 | Identified the staff of poison "Siargh" {rPois MP+9 Str+3}
 25505 | Shoals:4 | Learned a level 2 spell: Lesser Beckoning
 26156 | Shoals:4 | Got a barnacled rune of Zot
 26366 | Shoals:4 | Noticed a kraken
 26437 | Shoals:4 | Killed a kraken
 26605 | Shoals:4 | Reached skill level 12 in Invocations
 27405 | Shoals:2 | Reached skill level 6 in Translocations
 27659 | Shoals:2 | Noticed Polyphemus
 27723 | Shoals:2 | Killed Polyphemus
 27724 | Shoals:2 | Reached XP level 17. HP: 116/133 MP: 2/29
 27819 | Shoals:2 | Reached skill level 9 in Spellcasting
 28227 | Shoals:2 | Noticed Ilsuiw
 28875 | Shoals:1 | Noticed Louise
 28902 | Abyss:3  | Found a corrupted altar of Lugonu.
 28902 | Abyss:3  | Found a corrupted altar of Lugonu.
 28902 | Abyss:3  | Cast into level 3 of the Abyss (Louise)
 28911 | Abyss:3  | Found a corrupted altar of Lugonu.
 28922 | Abyss:3  | Found a corrupted altar of Lugonu.
 28928 | Abyss:3  | Found a corrupted altar of Lugonu.
 28928 | Abyss:3  | Found a corrupted altar of Lugonu.
 29021 | Abyss:3  | Noticed a tentacled starspawn
 29037 | Abyss:3  | Killed a tentacled starspawn
 29080 | Abyss:3  | Noticed a tentacled starspawn
 29092 | Abyss:3  | Killed a tentacled starspawn
 29093 | Abyss:3  | Reached skill level 9 in Stealth
 29093 | Abyss:3  | Reached skill level 9 in Evocations
 29186 | Abyss:3  | Paralysed by accursed screaming for 1 turns
 29268 | Abyss:3  | Noticed a bone dragon
 29302 | Abyss:3  | Noticed a lich
 29310 | Abyss:3  | Blown up by a lich

Illustrated notes

Levels and vault maps discovered:
D:1:      nzn_arrival_water_spiral, layout_rooms,
          chequers_ecumenical_altar_grove
D:2:      layout_basic, serial_glass, glass_columns_a, glass_columns_c,
          minmay_fractal_squares_5, uniq_crazy_yiuf_cottage
D:3:      layout_basic, kennysheep_okawaru_gauntlet,
          nicolae_overflow_hidden_temple, serial_shops, shop,
          grunt_decor_arrowhead, minivault_25, minmay_misc_feat_encased,
          uniq_natasha, uniq_sigmund
D:4:      layout_basic, lightli_temple_of_fire, minmay_misc_feat_tower,
          nrook_campfire, uniq_ijyb
D:5:      layout_cave_pools, mainiacjoe_overflow_alcove_2,
          minmay_temple_entry_nine_rooms
D:6:      layout_loops_ring, overflow_temple_1_default,
          mainiacjoe_overflow_chevrons
D:7:      layout_basic, serial_shops, nicolae_shop_stone, nicolae_shop_peninsula
D:8:      layout_basic, serial_shops, shop
D:9:      layout_loops_ring, david_lair_shrubbed, enter_bailey_3
D:10:     layout_grid_maze, evilmike_ruin_ashenzari, zombieorc2_lemuel,
          special_room [special_room_orc]
D:11:     layout_irregular_city, nooodl_orcs_dogs, uniq_nergalle, uniq_josephine
Temple:   bh_familiar_temple
Lair:1:   layout_layer_cave, portal_ice_cave_rime, serial_bayou_shore_b,
          grunt_megastairs_5
Lair:2:   layout_cave_shapes, shoals_dummy_entry, spider_nest_entry_funnel_web,
          gammafunk_ghost_berserking_beasts, serial_bayou_shore_b,
          grunt_megastairs_2, serial_bayou_shore_b
Lair:3:   layout_gridlike, eino_small_chamber_without_monster
Lair:4:   layout_gridlike, gammafunk_ghost_abyssal_escape
Lair:5:   hellmonk_lair_end_abyssal_woods, layout_gridlike,
          nicolae_slime_entry_slimehenge, nicolae_lair_grazing_beasts
          [nicolae_sub_lair_graze_edge, nicolae_sub_lair_graze_edge,
          nicolae_sub_lair_graze_edge, nicolae_sub_lair_graze_edge]
Shoals:1: layout_shoals, uniq_louise
Shoals:2: layout_shoals, uniq_polyphemus, uniq_ilsuiw
Shoals:3: layout_shoals, serial_shops, nicolae_shop_advertising_works
          [nicolae_subvault_shop_adworks], nicolae_shoals_c_island
Shoals:4: shoals_end_hangedman, layout_shoals,
          nicolae_shoals_siren_and_animal_friends
Orc:1:    layout_caves
Orc:2:    st_orc_mages, layout_caves, nicolae_orc_lost_temple
Abyss:3:  base: D:1, minivault_27, minivault_4, evilmike_abyss_rune_tso_outpost,
          evilmike_abyss_rune_tso_outpost

Skill      XL: |  1  2  3  4  5  6  7  8  9 10 11 12 13 14 15 16 17 |
---------------+----------------------------------------------------+-----
Fighting       | 2 3 6 8 12 | 12.0
Earth Magic    | 4 5 6 7 8 11 12 | 12.0
Spellcasting   | 3 4 5 6 8 9 |  9.8
Transmutations | 2 4 |  4.0
Translocations | 3 4 6 7 |  7.8
Shields        | 3 9 10 12 | 12.0
Stealth        | 2 5 8 9 |  9.1
Dodging        | 3 6 11 12 | 12.0
Invocations    | 8 10 11 12 | 12.0
Long Blades    | 7 12 | 12.0
Evocations     | 5 7 9 |  9.1

Action                     |  1- 3 |  4- 6 |  7- 9 | 10-12 | 13-15 | 16-18 || total
---------------------------+-------+-------+-------+-------+-------+-------++-------
  Melee: Club              |    15 |    17 |    41 |    23 |       |       ||    96
         Mace              |       |     3 |       |       |       |       ||     3
         Long sword        |       |       |       |   289 |  1063 |   808 ||  2160
         Falchion          |       |       |       |       |       |    11 ||    11
  Throw: Dart              |       |       |       |    16 |       |       ||    16
   Cast: Sandblast         |    33 |    66 |   147 |   323 |   404 |   223 ||  1196
         Stone Arrow       |       |       |     4 |    38 |   141 |   150 ||   333
         Petrify           |       |       |       |    16 |     2 |     7 ||    25
         Blink             |       |       |       |     1 |       |     2 ||     3
         Passwall          |       |       |       |     1 |       |       ||     1
         Lesser Beckoning  |       |       |       |       |       |     8 ||     8
 Invoke: Bend Time         |       |       |       |     3 |     2 |     2 ||     7
         Slouch            |       |       |       |     2 |     5 |     3 ||    10
         Step From Time    |       |       |       |       |       |     2 ||     2
Ability: Hop               |       |     3 |     4 |    18 |    11 |     8 ||    44
  Evoke: Wand              |       |       |     3 |     4 |    17 |    18 ||    42
         Tin of tremorston |       |       |       |       |     2 |     3 ||     5
         Lightning rod     |       |       |       |       |       |     6 ||     6
         Phantom mirror    |       |       |       |       |       |     1 ||     1
    Use: Scroll            |       |     3 |     5 |    10 |     6 |     8 ||    32
         Potion            |       |       |       |     5 |     1 |       ||     6
   Stab: Sleeping          |       |     1 |       |       |       |     2 ||     3
         Paralysed         |       |       |       |     6 |       |       ||     6
         Petrified         |       |       |       |    20 |    11 |    13 ||    44
         Petrifying        |       |       |       |     4 |       |       ||     4
         Distracted        |       |       |       |       |       |     2 ||     2
 Armour: Leather armour    |    10 |    10 |    19 |   109 |     1 |       ||   149
         Troll leather arm |       |       |       |       |    63 |       ||    63
         Robe              |       |       |       |       |   180 |    93 ||   273
  Dodge: Dodged            |    26 |    28 |    59 |   492 |  1408 |  1030 ||  3043
  Block: Kite shield       |       |       |       |   374 |  1331 |   954 ||  2659
